 Dungeon Crawl Stone Soup version 0.20.1-1-g8b1a95d (webtiles) character file.

237 Irenicus the Chopper (level 6, -1/47 HPs)
             Began as a Formicid Chaos Knight on Oct 27, 2017.
             Slain by Purgy (8 damage)
             ... on level 3 of the Dungeon.
             The game lasted 00:07:53 (2393 turns).

Irenicus the Chopper (Formicid Chaos Knight)        Turns: 2393, Time: 00:07:54

Health: -1/47      AC:  6    Str: 16    XL:     6   Next: 28%
Magic:  6/6        EV: 11    Int: 12    God:    Xom [.....*]
Gold:   107        SH:  0    Dex: 12    Spells: 5/5 levels left

rFire    . . .     SeeInvis +   a - +0 hand axe (chaos)
rCold    . . .     Gourm    .   (no shield)
rNeg     . . .     Faith    .   b - +2 leather armour
rPois    .         Spirit   .   (helmet unavailable)
rElec    .         Reflect  .   (no cloak)
rCorr    .         Harm     .   (no gloves)
MR       .....                  q - +0 pair of boots
Stlth    +.........             (no amulet)
Regen    0.2/turn               (no ring)
MPRegen  0.1/turn               (no ring)

@: no status effects
A: permanent stasis, dig shafts and tunnels, four strong arms, antennae 3
a: Dig, Shaft Self, Renounce Religion


You were on level 3 of the Dungeon.
You worshipped Xom.
You were Xom's teddy bear.
You were not hungry.

You visited 1 branch of the dungeon, and saw 3 of its levels.

You collected 107 gold pieces.

Inventory:

Hand Weapons
 a - a +0 hand axe of chaos (weapon)
Armour
 b - a +2 leather armour (worn)
 q - a +0 pair of boots (worn)
Wands
 m - a wand of paralysis (16/24)
 p - a wand of lightning (4/15)
Scrolls
 e - 3 scrolls of identify {unknown}
 g - 4 scrolls of remove curse {unknown}
 h - 5 scrolls of teleportation {unknown}
 j - a scroll of blinking {unknown}
Potions
 i - a potion of lignification {unknown}
 l - a potion of mutation {unknown}
 n - 2 potions of curing
 o - a potion of heal wounds {unknown}
Comestibles
 c - a bread ration
 f - 6 fruits
 k - a royal jelly


   Skills:
 - Level 3.2 Fighting
 + Level 6.5 Axes
 - Level 2.1 Armour
 - Level 1.1 Dodging


You had 5 spell levels left.
You didn't know any spells.

Dungeon Overview and Level Annotations

Branches:
Dungeon (3/15)

Altars:
Xom

Annotations:
D:3 Purgy


Innate Abilities, Weirdness & Mutations

You cannot be hasted, slowed, berserked, paralysed or teleported.
You can dig through walls and to a lower floor.
Your four strong arms can wield two-handed weapons with a shield.
You have a pair of large antennae on your head. (SInv)


Message History

You slash Purgy! You freeze Purgy.
Purgy is almost dead.
Purgy closely misses you. Purgy claws you but does no damage.
Purgy barely misses you.
You hit Purgy. You freeze Purgy.
Purgy is almost dead.
Purgy bites you!
* * * LOW HITPOINT WARNING * * *
Purgy barely misses you. Purgy claws you.
* * * LOW HITPOINT WARNING * * *
Purgy barely misses you. Purgy claws you but does no damage.
Purgy closely misses you.
It was a potion of cancellation.
You feel magically purged. Purgy bites you but does no damage. Purgy claws you.
* * * LOW HITPOINT WARNING * * *
Purgy claws you but does no damage.
You hit Purgy but do no damage.
Purgy is almost dead.
Purgy bites you!
You die...

#....# #..#.... ####....#
##.#.... ##.......# #......
.+.......+ { ##..#+#
##.......##### #############..#.#
.............# #..............#.#
#####.######.###.###########..#.#
#......#.#........# ##.#.#
#)####.#)..#@####$# #...#
#.####.#(#.#T# ###..#
#.#....#.#.#.. ∆ #....#
#####.#.####(#.#### #.#..#
.....(.......#.# #.#..#
....[.#.######.# ..#..# ....).#.#
#.# ####..# ......#.# .. #..#
......#.# ##.#


You could see Purgy.

Vanquished Creatures
  Jessica (D:2)
  Natasha (D:2)
  Robin (D:2)
  4 gnolls (D:2)
  4 adders (D:2)
  3 oozes
  2 worms (D:2)
  A dart slug (D:1)
  5 leopard geckos
  4 orcs
  9 bats
  2 giant cockroaches (D:2)
  10 goblins
  6 hobgoblins
  2 jackals (D:3)
  6 frilled lizards
  8 kobolds
  9 rats
78 creatures vanquished.

Notes
Turn   | Place    | Note
-------+----------+-------------------------------------------
     0 | D:1      | Irenicus the Formicid Chaos Knight began the quest for the Orb.
     0 | D:1      | Reached XP level 1. HP: 18/18 MP: 1/1
    51 | D:1      | Reached skill level 1 in Dodging
    54 | D:1      | Reached XP level 2. HP: 15/24 MP: 2/2
    95 | D:1      | XOM: silly message
   142 | D:1      | XOM: potion effect (heal wounds)
   257 | D:1      | Reached XP level 3. HP: 28/29 MP: 3/3
   260 | D:1      | Reached skill level 4 in Axes
   684 | D:2      | Noticed Robin
   695 | D:2      | Killed Robin
   695 | D:2      | Reached XP level 4. HP: 18/35 MP: 4/4
   807 | D:2      | Reached skill level 5 in Axes
   978 | D:2      | Reached XP level 5. HP: 24/41 MP: 5/5
  1039 | D:2      | XOM is BORED!
  1039 | D:2      | XOM: noise
  1135 | D:2      | Noticed Natasha
  1144 | D:2      | XOM: noise
  1146 | D:2      | XOM: silly message
  1154 | D:2      | Killed Natasha
  1208 | D:2      | Noticed Jessica
  1221 | D:2      | XOM: blink monster(s)
  1411 | D:2      | XOM: polymorph bat -> rat
  1458 | D:2      | XOM: scenery: 1 doors close
  1515 | D:2      | Reached skill level 6 in Axes
  1530 | D:2      | XOM: scenery: 1 doors open, 1 doors close
  1571 | D:2      | Killed Jessica
  1571 | D:2      | Reached XP level 6. HP: 30/47 MP: 6/6
  1586 | D:2      | Found a shimmering altar of Xom.
  2038 | D:3      | Found a faded altar of an unknown god.
  2131 | D:3      | XOM: god gift: yellow potion {god gift}
  2379 | D:3      | Noticed Purgy
  2381 | D:3      | XOM: divination: detect items
  2393 | D:3      | Slain by Purgy

Skill      XL: |  1  2  3  4  5 |
---------------+----------------+-----
Dodging        | 1 |  1.1
Axes           | 4 5 6 |  6.5
Fighting       | |  3.2
Armour         | |  2.1

Action                   |  1- 3 |  4- 6 || total
-------------------------+-------+-------++-------
Melee: Hand axe          |    73 |   197 ||   270
 Abil: Dig               |     1 |    14 ||    15
  Use: Potion            |       |     2 ||     2
 Stab: Paralysed         |     1 |     8 ||     9
       Confused          |       |     1 ||     1
  Eat: Chunk             |       |     6 ||     6
Armor: Leather armour    |    22 |    63 ||    85
Dodge: Dodged            |    42 |   130 ||   172
